 Dungeon Crawl Stone Soup version 0.30-b1-2-g02819fbbbe (webtiles) character file.

Game seed: 6199941697845820767

5189 nightchill the Cleaver (level 10, 0/94 HPs)
             Began as a Minotaur Fighter on Jan 16, 2024.
             Was an Elder of Zin.
             Slain by a fire elemental (6 damage)
             ... summoned by a deep elf pyromancer
             ... on level 8 of the Dungeon.
             The game lasted 00:10:52 (6231 turns).

nightchill the Cleaver (Minotaur Fighter)           Turns: 6231, Time: 00:10:53

Health: 0/94       AC: 19    Str: 25    XL:     10   Next: 34%
Magic:  12/13      EV:  6    Int:  5    God:    Zin [****..]
Gold:   344        SH:  4    Dex: 10    Spells: 9/9 levels left

rFire   . . .        a - +0 war axe
rCold   . . .        c - +0 buckler
rNeg    . . .        q - +0 plate armour
rPois   .            D - +2 hat
rElec   .            y - +0 cloak
rCorr   .            n - +0 pair of gloves
SInv    .            z - +2 pair of boots
Will    .....        (no amulet) Stlth
                     (no ring)
HPRegen 0.35/turn    (no ring)
MPRegen 0.13/turn

%: no passive effects
@: on recite cooldown
A: horns 2, retaliatory headbutt
a: Renounce Religion, Recite, Vitalisation, Imprison, Donate Gold


You were on level 8 of the Dungeon.
You worshipped Zin.
Zin was greatly pleased with you.
You visited 1 branch of the dungeon, and saw 8 of its levels.

You collected 382 gold pieces.
You donated 38 gold pieces to Zin.

Inventory:

Hand Weapons
 a - a +0 war axe (weapon)
Missiles
 w - 4 silver javelins (quivered)
Armour
 b - a +0 scale mail
 c - a +0 buckler (worn)
 n - a +0 pair of gloves (worn)
 q - a +0 plate armour (worn)
 y - a +0 cloak (worn)
 z - a +2 pair of boots (worn)
 D - a +2 hat (worn)
Jewellery
 B - a ring of resist corrosion
Wands
 f - a wand of paralysis (1)
Scrolls
 h - a scroll of poison {unknown}
 i - 2 scrolls of noise {unknown}
 j - a scroll of summoning {unknown}
 l - 4 scrolls of teleportation {unknown}
 m - a scroll of enchant armour {unknown}
 o - 2 scrolls of fog {unknown}
 r - 2 scrolls of immolation {unknown}
 t - a scroll of blinking {unknown}
 u - a scroll of brand weapon {unknown}
 v - 2 scrolls of magic mapping {unknown}
 A - a scroll of amnesia {unknown}
 E - a scroll of fear {unknown}
Potions
 d - 2 potions of might
 e - 3 potions of flight
 g - 2 potions of mutation
 k - 2 potions of haste
 p - 3 potions of ambrosia
 s - a potion of resistance
 x - 2 potions of brilliance {unknown}
 C - a potion of lignification {unknown}
 F - a potion of curing {unknown}
 G - 2 potions of heal wounds {unknown}


   Skills:
 + Level 10.5 Fighting
 * Level 13.9 Axes
 - Level 3.6 Armour
 - Level 3.6 Shields
 + Level 5.6 Invocations


You had 9 spell levels left.
You didn't know any spells.
Your spell library contained the following spells:

 Spells                   Type           Power      Damage    Failure   Level
 Kiss of Death            Conj/Necr      0%         2d5       100%        1
 Confusing Touch          Hex            0%         N/A       100%        3
 Inner Flame              Hex/Fire       0%         N/A       100%        3
 Dispel Undead            Necr           0%         3d6       100%        4
 Yara's Violent Unravell  Hex/Tmut       0%         3d3       100%        5
 Enfeeble                 Hex            0%         N/A       100%        7


Dungeon Overview and Level Annotations

Branches:
Dungeon (8/15)             Temple (0/1) D:4
   Lair: D:8-11

Altars:
Zin

Shops:
D:6 *

Annotations:
D:4 exclusion: downstairs


Innate Abilities, Weirdness & Mutations

You have a pair of horns on your head.
You reflexively headbutt those who attack you in melee.


Message History

The centaur warrior kicks you but does no damage.
You slice the centaur warrior!!
You kill the centaur warrior!
You miss the bullfrog. You hit the deep elf pyromancer.
The deep elf pyromancer casts a spell at you.
The sticky flame hits you.
You are covered in liquid flames!
* * * LOW HITPOINT WARNING * * *
The bullfrog hits you but does no damage.
You hit the deep elf pyromancer but do no damage.
The deep elf pyromancer is moderately wounded.
You slash the bullfrog!
You are covered in liquid flames!
* * * LOW HITPOINT WARNING * * *
The bullfrog hits you but does no damage.
The deep elf pyromancer hits you but does no damage.
You slash the deep elf pyromancer!
Your headbutt misses the deep elf pyromancer.
The deep elf pyromancer is severely wounded.
You closely miss the bullfrog.
You are covered in liquid flames!
* * * LOW HITPOINT WARNING * * *
The bullfrog hits you but does no damage.
The deep elf pyromancer hits you but does no damage.
You closely miss the deep elf pyromancer.
The deep elf pyromancer is severely wounded.
You hit the bullfrog.
You kill the bullfrog!
You are covered in liquid flames!
* * * LOW HITPOINT WARNING * * *
The deep elf pyromancer mumbles some strange words.
You hit the deep elf pyromancer.
The deep elf pyromancer is almost dead.
You hit the fire elemental. You barely miss the fire elemental.
You are covered in liquid flames!
* * * LOW HITPOINT WARNING * * *
The fire elemental hits you. The fire elemental burns you!
* * * LOW HITPOINT WARNING * * *
The fire elemental hits you. The fire elemental burns you!
You die...

##...#.♣ ♣.#
#....#...
#....#.♣ ♣.#
#..#....P
#....#)♣♣♣.#
#..##....
#....).....###
....###...
#.......♣....#+
♣....# #..P
#..........#.#[##
♣....# #...
##...#.♣♣♣.#.#..#
#.#.#.♣ ♣.#.#†E#
#.#.#.♣ ♣.#.##@##
..#.#.♣ ♣.#...eE#
#. #.#.♣
♣.#.♣♣♣.#
..#.....# #######


You could see a deep elf pyromancer and 2 fire elementals.

Vanquished Creatures
  A centaur warrior (D:8)
  A troll (D:8)
  Sigmund (D:4)
  6 yaks
  Eustachio (D:6)
  A wyvern (D:8)
  2 steam dragons
  2 water moccasins (D:5)
  Duvessa (D:4)
  A sky beast (D:6)
  2 orc warriors
  4 ice beasts (D:7)
  A black bear (D:7)
  4 ogres
  2 centaurs
  3 kobold brigands (D:8)
  2 bullfrogs
  2 scorpions
  Dowan (D:4)
  3 howler monkeys
  3 jellies
  An orc priest (D:7)
  5 hounds
  2 sleepcaps
  2 iguanas
  4 orc wizards
  6 adders
  2 shadow imps (D:6)
  2 white imps
  A worm (D:3)
  6 dart slugs
  22 orcs
  2 ball pythons
  A bat (D:3)
  5 giant cockroaches
  4 goblins
  3 hobgoblins
  3 jackals (D:4)
  11 kobolds
  3 quokkas
  A rat (D:2)
130 creatures vanquished.

Vanquished Creatures (others)
  4 fungi (D:3)
4 creatures vanquished.

Grand Total: 134 creatures vanquished

Notes
Turn   | Place    | Note
-------+----------+-------------------------------------------
     0 | D:1      | nightchill the Minotaur Fighter began the quest for the
                  | Orb.
     0 | D:1      | Reached XP level 1. HP: 19/19 MP: 0/0
   151 | D:1      | Reached skill level 3 in Axes
   472 | D:1      | Found a faded altar of an unknown god.
   472 | D:1      | Noticed a Brimstone Fiend
   481 | D:1      | Prayed at the altar of an unknown god.
   481 | D:1      | Became a worshipper of Zin the Law-Giver
   481 | D:1      | Reached * piety under Zin
   731 | D:2      | Reached XP level 2. HP: 27/27 MP: 1/1
  1252 | D:2      | Reached ** piety under Zin
  1353 | D:3      | Reached XP level 3. HP: 28/33 MP: 2/2
  1357 | D:3      | Reached skill level 4 in Axes
  1364 | D:3      | Reached XP level 4. HP: 31/41 MP: 3/3
  2017 | D:4      | Noticed an ogre
  2023 | D:4      | Killed an ogre
  2024 | D:4      | Reached skill level 5 in Fighting
  2024 | D:4      | Reached skill level 5 in Axes
  2024 | D:4      | Reached XP level 5. HP: 43/48 MP: 4/4
  2035 | D:4      | Reached skill level 6 in Axes
  2113 | D:4      | Reached XP level 6. HP: 49/56 MP: 5/5
  2171 | D:4      | Found a staircase to the Ecumenical Temple.
  2321 | D:4      | Noticed Dowan
  2321 | D:4      | Noticed Duvessa
  2328 | D:4      | Killed Duvessa
  2329 | D:4      | Reached skill level 7 in Axes
  2342 | D:4      | Killed Dowan
  2470 | D:4      | Noticed Sigmund
  2485 | D:4      | Killed Sigmund
  2486 | D:4      | Reached skill level 8 in Axes
  2486 | D:4      | Reached XP level 7. HP: 53/64 MP: 6/6
  2559 | D:4      | Reached *** piety under Zin
  3058 | D:5      | Entered Level 5 of the Dungeon
  3255 | D:5      | Reached skill level 9 in Axes
  3344 | D:5      | Reached **** piety under Zin
  3512 | D:5      | Reached XP level 8. HP: 54/73 MP: 7/7
  3948 | D:6      | Reached skill level 10 in Axes
  4142 | D:6      | Noticed Eustachio
  4160 | D:6      | Killed Eustachio
  4161 | D:6      | Reached skill level 1 in Invocations
  4550 | D:6      | Found Wehueth's Assorted Antiques.
  4659 | D:6      | Reached skill level 11 in Axes
  4751 | D:7      | Reached XP level 9. HP: 82/82 MP: 9/9
  5043 | D:7      | Reached skill level 12 in Axes
  5699 | D:8      | Reached skill level 13 in Axes
  5776 | D:8      | Reached skill level 10 in Fighting
  5890 | D:8      | Reached XP level 10. HP: 69/93 MP: 12/12
  5999 | D:8      | Reached skill level 5 in Invocations
  6213 | D:8      | Noticed a centaur warrior
  6218 | D:8      | Noticed a deep elf pyromancer
  6227 | D:8      | Killed a centaur warrior
  6231 | D:8      | Slain by a fire elemental

Illustrated notes

Levels and vault maps discovered:
D:1:      onia_arrival_mini_maze_b, layout_basic,
          dreamdust_ecumenical_altar_sealed_demon
D:2:      layout_loops_ring
D:3:      layout_basic, nicolae_overflow_hidden_temple, uniq_crazy_yiuf_cottage
D:4:      layout_loops_ring, minmay_temple_entry_slanted, uniq_sigmund,
          uniq_duvessa
D:5:      layout_cave_pools, minivault_4
D:6:      layout_loops_cross, serial_shops, nicolae_take_the_stairs,
          minmay_misc_feat_ornament, grunt_ministairs_1, hangedman_glass_teeth,
          uniq_eustachio
D:7:      layout_rooms, chequers_serial_rivers_large_a, kennysheep_diamond,
          minmay_increasing_density
D:8:      nzn_winding_woodlands_small [nzn_winding_woodlands_5x15_zeroes,
          nzn_winding_woodlands_center_lodge,
          nzn_winding_woodlands_5x15_concentric], layout_cave_pods,
          lair_entry_dummy, serial_park, serial_park_tiny_2, serial_park_square1
          [serial_park_minivault_5x5_7], serial_park_square1
          [serial_park_minivault_5x5_8], serial_park_tiny_pond

Skill      XL: |  1  2  3  4  5  6  7  8  9 10 |
---------------+-------------------------------+-----
Axes           | 3 4 5 6 8 9 11 13 | 13.9
Fighting       | 4 5 6 7 8 10 | 10.5
Invocations    | 2 4 5 |  5.6
Armour         | |  3.6
Shields        | |  3.6

Action                     |  1- 3 |  4- 6 |  7- 9 | 10-12 || total
---------------------------+-------+-------+-------+-------++-------
  Melee: War axe           |    36 |    75 |   207 |    47 ||   365
         Headbutt          |     2 |    14 |    31 |     9 ||    56
 Invoke: Recite            |     1 |     3 |     8 |     1 ||    13
    Use: Scroll            |       |       |     6 |       ||     6
   Stab: Confused          |       |       |     2 |       ||     2
         Invisible         |       |       |     2 |       ||     2
 Armour: Scale mail        |    12 |       |       |       ||    12
         Plate armour      |    13 |    44 |   142 |    39 ||   238
  Dodge: Dodged            |    13 |    16 |    70 |    10 ||   109
  Block: Buckler           |     6 |    13 |    47 |    13 ||    79
